 Dungeon Crawl Stone Soup version 0.28.0-45-g0d030f2227 (webtiles) character file.

Game seed: 6476345540228449142

7 Juicyj the Grave Robber (level 1, -8/13 HPs)
             Began as a Vampire Necromancer on Apr 5, 2022.
             Mangled by an ogre
             ... wielding a +0 giant club
              (17 damage)
             ... on level 4 of the Dungeon.
             The game lasted 00:01:12 (167 turns).

Juicyj the Grave Robber (Vampire Necromancer)        Turns: 167, Time: 00:01:13

Health: -8/13      AC:  2    Str:  7    XL:     1   Next: 91%
Magic:  0/3        EV: 12    Int: 17    God:
Gold:   37         SH:  0    Dex: 14    Spells: 3/4 levels left

rFire   . . .      SeeInvis +   (no weapon)
rCold   . . .      Faith    .   (no shield)
rNeg    . . .      Spirit   .   a - +0 robe
rPois   .          Reflect  .   (no helmet)
rElec   .          Harm     .   (no cloak)
rCorr   .          Rampage  .   (no gloves)
Will    .....                   (no boots)
Stlth   ++........              (no amulet)
HPRegen 0.24/turn               (no ring)
MPRegen 0.08/turn               (no ring)

@: healing quickly
A: alive, fangs 3, see invisible, vampiric 1
a: Exsanguinate


You were on level 4 of the Dungeon.
You visited 1 branch of the dungeon, and saw 4 of its levels.

You collected 37 gold pieces.

Inventory:

Armour
 a - a +0 robe (worn)
Scrolls
 b - a scroll of brand weapon {unknown}
Potions
 c - a potion of heal wounds {unknown}


   Skills:
 + Level 2.1 Dodging
 + Level 3.0 Stealth
 + Level 2.2 Spellcasting
 + Level 4.7 Necromancy


You had 3 spell levels left.
You knew the following spells:

 Your Spells              Type           Power      Damage    Failure   Level
a - Pain                  Necr           68%        1d7       2%          1

Your spell library contained the following spells:

 Spells                   Type           Power      Damage    Failure   Level
 Animate Skeleton         Necr           34%        N/A       2%          1
 Sublimation of Blood     Necr           17%        N/A       4%          2
 Vampiric Draining        Necr           17%        2d7       9%          3
 Wereblood                Tmut           1%         N/A       28%         2
 Animate Dead             Necr           8%         N/A       26%         4
 Agony                    Necr           17%        N/A       58%         5
 Summon Hydra             Summ           0%         N/A       100%        7


Dungeon Overview and Level Annotations

Branches:
Dungeon (4/15)
 Temple: D:4-7

Altars:

Shops:
D:1 (


Innate Abilities, Weirdness & Mutations

Your natural rate of healing is accelerated.
You have razor-sharp teeth.
You have supernaturally acute eyesight. (SInv)
You are afflicted with vampirism.


Message History

The ball python bites you. The ball python barely misses you.
You hit the ball python.
The ball python is severely wounded.
The ball python closely misses you. The ball python grabs you.
The ball python constricts you. The ball python closely misses you.
The ball python constricts you.
You hit the ball python but do no damage.
The ball python is severely wounded.
The ball python closely misses you. The ball python constricts you.
The ball python barely resists.
The ball python bites you. The ball python constricts you.
The ball python writhes in agony!
You kill the ball python!
The hobgoblin writhes in agony!
You kill the hobgoblin!
You are too injured to fight recklessly!
You now have 30 gold pieces (gained 17).
Found a stone staircase leading down.
There is a stone staircase leading down here.
You climb downwards.
There is a stone staircase leading up here.
A hobgoblin comes into view.
Found 7 gold pieces.
Found a stone staircase leading down.
You now have 37 gold pieces (gained 7).
There is a stone staircase leading down here.
You climb downwards.
The ogre shouts!
Found 22 stones.
There is a stone staircase leading up here.
The ogre writhes in agony.
The ogre writhes in agony.
The ball python closely misses you. The ball python grabs you.
The ball python constricts you. The ogre barely misses you.
The ball python bites you. The ball python constricts you.
The ball python writhes in agony!
You kill the ball python!
The ogre hits you with a +0 giant club!
Ouch! That really hurt!
You die...

.....# ###....#
......# .....#
#...#
..###...########
...............#
.......@........
#.#..###O.......
###..#......##.
.....O......#
(......<...##
..........##
..........#
..##...#.## ##
##.# ##


You could see an ogre.

Vanquished Creatures
  A bat (D:2)
  An endoplasm (D:1)
  2 hobgoblins
  2 ball pythons
  A frilled lizard (D:1)
  A kobold (D:1)
8 creatures vanquished.

Notes
Turn   | Place    | Note
-------+----------+-------------------------------------------
     0 | D:1      | Juicyj the Vampire Necromancer began the quest for the Orb.
     0 | D:1      | Reached XP level 1. HP: 13/13 MP: 3/3
    26 | D:1      | Found Husono's Weapon Shoppe.
   159 | D:4      | Noticed an ogre
   167 | D:4      | Mangled by an ogre

Illustrated notes

Levels and vault maps discovered:
D:1:      minmay_arrival_open_corners, layout_basic, serial_shops,
          nicolae_square_shop, shop, shop, shop, shop,
          ebering_ecumenical_altar_abandoned
D:2:      layout_rooms, serial_shops, nicolae_shop_advertising_works
          [nicolae_subvault_shop_adworks], uniq_crazy_yiuf_cottage
D:3:      layout_loops_corners
D:4:      layout_cave_pools, mainiacjoe_overflow_alcove_2, led_sif_book

Action                   || total
-------------------------++-------
Melee: Unarmed           ||    12
       Bite              ||     1
 Cast: Pain              ||    11
Armor: Robe              ||     1
Dodge: Dodged            ||    20
